 Dungeon Crawl Stone Soup version 0.28.0 (webtiles) character file.

Game seed: 1976497967220012908

81 Kold the Cudgeller (level 4, -3/41 HPs)
             Began as a Minotaur Wanderer on Feb 9, 2022.
             Splashed by a jelly's acid (7 damage)
             ... on level 4 of the Dungeon.
             The game lasted 00:02:57 (1985 turns).

Kold the Cudgeller (Minotaur Wanderer)              Turns: 1985, Time: 00:02:58

Health: -3/41      AC: -9    Str: 15    XL:     4   Next: 19%
Magic:  3/3        EV: 11    Int:  6    God:
Gold:   116        SH:  5    Dex: 16    Spells: 3/3 levels left

rFire   . . .      SeeInvis .   a - +3 mace
rCold   . . .      Faith    .   b - +0 buckler
rNeg    . . .      Spirit   .   c - +0 leather armour
rPois   .          Reflect  .   (helmet restricted)
rElec   .          Harm     .   (no cloak)
rCorr   .          Rampage  .   (no gloves)
Will    .....                   (no boots)
Stlth   +.........              (no amulet)
HPRegen 0.13/turn               (no ring)
MPRegen 0.08/turn               (no ring)

@: corroded
A: horns 2, retaliatory headbutt
a: no special abilities


You were on level 4 of the Dungeon.
You visited 1 branch of the dungeon, and saw 4 of its levels.

You collected 116 gold pieces.

Inventory:

Hand Weapons
 a - a +3 mace (weapon)
Armour
 b - a +0 buckler (worn)
 c - a +0 leather armour (worn)
Wands
 k - a wand of charming (3)
Scrolls
 d - 2 scrolls of identify {unknown}
 e - a scroll of summoning {unknown}
 h - a scroll of holy word {unknown}
 i - a scroll of immolation {unknown}
 j - 3 scrolls of blinking {unknown}
Potions
 f - a potion of magic {unknown}
 g - a potion of mutation {unknown}
 l - a potion of degeneration {unknown}
 m - a potion of ambrosia {unknown}


   Skills:
 - Level 4.8 Fighting
 + Level 5.0 Maces & Flails
 - Level 1.6 Dodging
 - Level 4.0 Shields


You had 3 spell levels left.
You didn't know any spells.
Your spell library was empty.

Dungeon Overview and Level Annotations

Branches:
Dungeon (3/15)

Altars:


Innate Abilities, Weirdness & Mutations

You have a pair of horns on your head.
You reflexively headbutt those who attack you in melee.


Message History

k - a wand of charming (3)
l - a lumpy cyan potion
m - a fuming silvery potion No target in view!
No target in view!
A goblin comes into view. It is wielding a +0 dagger.
A goblin is nearby!
The goblin shouts!
The goblin closely misses you.
You hit the goblin but do no damage.
A jelly comes into view.
The goblin barely misses you.
You hit the goblin but do no damage.
A quokka comes into view.
The goblin hits you with a +0 dagger.
You hit the goblin but do no damage. You block the goblin's attack.
You hit the goblin but do no damage. You headbutt the goblin.
You kill the goblin!
You thump the quokka!
You kill the quokka!
Your Maces & Flails skill increases to level 5!
You hit the jelly. The acid corrodes you!
Your hands burn!
The jelly is lightly wounded.
The jelly hits you.
You are splashed with acid.
You sock the jelly!
Your hands burn!
You headbutt the jelly, but do no damage.
The jelly is heavily wounded.
The jelly barely misses you. The jelly hits you.
You are splashed with acid!
* * * LOW HITPOINT WARNING * * *
You hit the jelly. The acid corrodes you!
Your hands burn!
* * * LOW HITPOINT WARNING * * *
The jelly is heavily wounded.
The jelly closely misses you.
You hit the jelly but do no damage. The acid corrodes you!
Your hands burn!
* * * LOW HITPOINT WARNING * * *
The jelly is heavily wounded.
The jelly hits you.
* * * LOW HITPOINT WARNING * * *
You are splashed with acid!
You die...

## ... ...# . ..... .
.....# .## ......###
#.# #.....J.####.##
...#@......####.#
#............#
#.###...##..##
'##..##..###..## #
...#.#..####...## ###
........# #.....###..
...##...###..#..#...#
#.............##...###
...#.....##..##..##


You could see a jelly.

Vanquished Creatures
  2 adders (D:2)
  A gnoll (D:1)
  3 dart slugs
  An orc (D:3)
  5 ball pythons
  3 bats
  5 endoplasms
  2 giant cockroaches
  4 goblins
  2 hobgoblins (D:1)
  3 quokkas
  3 frilled lizards
  4 kobolds
  8 rats
46 creatures vanquished.

Notes
Turn   | Place    | Note
-------+----------+-------------------------------------------
     0 | D:1      | Kold the Minotaur Wanderer began the quest for the Orb.
     0 | D:1      | Kold set off with the following items: a +3 mace, a +0
                  | buckler, a +0 leather armour
     0 | D:1      | Reached XP level 1. HP: 22/22 MP: 0/0
    58 | D:1      | Reached XP level 2. HP: 20/28 MP: 1/1
   196 | D:1      | Reached skill level 3 in Maces & Flails
   576 | D:1      | Reached XP level 3. HP: 25/35 MP: 2/2
   783 | D:1      | Reached skill level 4 in Maces & Flails
  1612 | D:3      | Reached XP level 4. HP: 41/41 MP: 3/3
  1638 | D:3      | You fall into a shaft and drop 1 floor!
  1982 | D:4      | Reached skill level 5 in Maces & Flails
  1985 | D:4      | Splashed by a jelly's acid

Illustrated notes

Levels and vault maps discovered:
D:1:      amcnicky_arrival_wind_blow, layout_loops_ring,
          amcnicky_mini_corridor_feature
D:2:      layout_basic
D:3:      layout_basic, mainiacjoe_overflow_cross_hatched,
          shapermc_ecumenical_altar_mp_vishouse
D:4:      layout_layer_cave, lemuel_round_altar,
          nicolae_overflow_hallway_of_the_gods,
          minmay_fractal_squares_diagonal_5, uniq_grinder

Skill      XL: |  1  2  3  4 |
---------------+-------------+-----
Shields        | 4 |  4.0
Maces & Flails | 3 4 5 |  5.0
Fighting       | |  4.8
Dodging        | |  1.6

Action                   |  1- 3 |  4- 6 || total
-------------------------+-------+-------++-------
Melee: Mace              |    70 |    20 ||    90
       Headbutt          |     9 |     7 ||    16
 Stab: Sleeping          |     1 |       ||     1
Armor: Leather armour    |    24 |       ||    24
Dodge: Dodged            |    33 |    13 ||    46
Block: Buckler           |    18 |     3 ||    21
